 Dungeon Crawl Stone Soup version 0.23.2-40-g277498a001 (webtiles) character file.

Game seed: 6792378528613620127

6290 Ivernyr the Destroyer (level 10, 0/110 HPs)
             Began as an Ogre Wizard on Oct 2, 2019.
             Was a Priest of Sif Muna.
             Killed by refrigeration
             ... invoked by Fannar
              (22 damage)
             ... on level 10 of the Dungeon on Oct 4, 2019.
             The game lasted 01:10:44 (12549 turns).

Ivernyr the Destroyer (Ogre Wizard)                Turns: 12549, Time: 01:10:45

Health: 0/110      AC:  4    Str: 13    XL:     10   Next: 94%
Magic:  22/23      EV: 10    Int: 22    God:    Sif Muna [***...]
Gold:   580        SH:  0    Dex:  7    Spells: 16/27 levels left

rFire    . . .     SeeInvis .   g - +2 scythe (flame)
rCold    . . .     Gourm    .   (shield currently unavailable)
rNeg     . . .     Faith    .   a - +0 robe
rPois    .         Spirit   .   b - +0 hat
rElec    .         Reflect  .   (no cloak)
rCorr    .         Harm     .   (gloves unavailable)
MR       +....                  (boots unavailable)
Stlth    +.........             j - amulet of regeneration
HPRegen  0.68/turn              l - +1 ring of protection
MPRegen  0.18/turn              E - ring of flight

@: no status effects
A: large, unfitting armour, tough skin 1
a: Divine Energy, Channel Magic, Renounce Religion, Evoke Flight


You were on level 10 of the Dungeon.
You worshipped Sif Muna.
Sif Muna was most pleased with you.
You were hungry.

You visited 2 branches of the dungeon, and saw 11 of its levels.
You also visited: Sewer and Ossuary.

You collected 580 gold pieces.

Inventory:

Hand Weapons
 g - a +2 scythe of flaming (weapon)
Missiles
 c - 3 large rocks (quivered)
Armour
 a - a +0 robe (worn)
 b - a +0 hat (worn)
Jewellery
 j - an amulet of regeneration (around neck)
 l - a +1 ring of protection (left hand)
 E - a ring of flight (right hand)
Scrolls
 e - 4 scrolls of immolation
 f - 6 scrolls of remove curse
 i - a scroll of magic mapping
 k - a scroll of fog {unknown}
 o - 5 scrolls of teleportation {unknown}
 p - 9 scrolls of identify
 s - 3 scrolls of fear {unknown}
 t - 2 scrolls of noise {unknown}
 u - 4 scrolls of random uselessness {unknown}
 x - a scroll of blinking {unknown}
 y - a scroll of amnesia {unknown}
 B - a scroll of enchant armour {unknown}
 F - a scroll of vulnerability {unknown}
 G - a scroll of enchant weapon {unknown}
Potions
 h - 8 potions of curing {unknown}
 m - a potion of cancellation {unknown}
 n - 6 potions of degeneration {unknown}
 q - 2 potions of mutation {unknown}
 r - 4 potions of flight {unknown}
 v - 6 potions of agility {unknown}
 w - 7 potions of might {unknown}
 z - 4 potions of heal wounds
 A - a potion of brilliance {unknown}
 C - 2 potions of resistance {unknown}
 D - 5 potions of ambrosia {unknown}
Comestibles
 d - 17 rations


   Skills:
 + Level 9.9 Fighting
 - Level 1.7 Dodging
 - Level 1.4 Stealth
 + Level 9.2 Spellcasting
 * Level 10.0 Conjurations
 - Level 0.8 Summonings
 - Level 0.8 Translocations
 + Level 5.5 Invocations


You had 16 spell levels left.
You knew the following spells:

 Your Spells              Type           Power        Failure   Level  Hunger
a - Magic Dart            Conj           ####         1%          1    None
b - Blink                 Tloc           N/A          7%          2    None
c - Conjure Flame         Conj/Fire      ####....     2%          3    None
d - Mephitic Cloud        Conj/Pois/Air  ###.....     4%          3    None
e - Call Imp              Summ           ##......     7%          2    None

Your spell library contained the following spells:

 Spells                   Type           Power        Failure   Level  Hunger
 Apportation              Tloc           ##....       4%          1    None
 Summon Small Mammal      Summ           ##..         4%          1    None
 Animate Skeleton         Necr           N/A          7%          1    None
 Confusing Touch          Hex            ##....       7%          1    None
 Slow                     Hex            ##......     10%         2    None
 Call Canine Familiar     Summ           ##......     14%         3    None
 Gell's Gravitas          Tloc           ##........   14%         3    None
 Summon Guardian Golem    Hex/Summ       ##......     17%         3    None
 Confuse                  Hex            ##......     21%         3    None
 Summon Ice Beast         Ice/Summ       ##......     50%         4    ##.....
 Summon Lightning Spire   Summ/Air       ##......     50%         4    ##.....
 Petrify                  Tmut/Erth      ##......     54%         4    ##.....
 Metabolic Englaciation   Hex/Ice        ##........   88%         5    ####...
 Yara's Violent Unravell  Hex/Tmut       ##........   88%         5    ####...


Dungeon Overview and Level Annotations

Branches:
Dungeon (10/15)            Temple (1/1) D:6
   Lair: D:8-11         Orc: D:9-12

Altars:
Ashenzari
Cheibriados
Dithmenos
Elyvilon
Fedhas
Gozag
Hepliaklqana
Kikubaaqudgha
Makhleb
Nemelex Xobeh
Okawaru
Qazlal
Ru
Sif Muna
Trog
Uskayaw
Vehumet
Wu Jian
Xom
Yredelemnul
Zin
The Shining One

Shops:
D:6 =   D:8 (

Annotations:
D:10 Fannar


Innate Abilities, Weirdness & Mutations

You are too large for most types of armour.
You have tough skin. (AC +1)


Message History

The orc warrior is engulfed in noxious fumes.
The orc warrior appears confused.
Fannar says, "Does this not give you the chills?"
The orc warrior is engulfed in noxious fumes.
The ice beast hits you. The ice beast freezes you.
There is an open door, spattered with blood here.
You hit the ice beast.
You melt the ice beast.
You kill the ice beast!
The ice beast barely misses you. The ice beast hits you.
The ice beast freezes you!
Fannar points at you and mumbles some strange words.
The bolt of cold hits the ice beast.
The ice beast completely resists.
The bolt of cold hits you!!
* * * LOW HITPOINT WARNING * * *
Fannar mumbles some strange words.
Fannar mumbles some strange words.
Fannar mumbles some strange words.
Fannar drains the heat from the surrounding environment!
You feel very cold.
You die...

############### #################
#.............. #...............#
#.............. #...............#
#.............. #......<........#
#..............
#...............###........>.....
#................................
.................................
#########.......@.Y..Y.e.........
#....###########'#'#.....
#....#.............#.....
#....#.............#.....
#########....#.............#....>
.............#..........o..#.....
.............#.............'.....
.............###############.....
.................................


You could see Fannar and 2 ice beasts.

Vanquished Creatures
  A two-headed ogre (D:10)
  A centaur zombie (D:10)
  3 hippogriffs
  Sigmund (D:5)
  A wraith (Ossuary)
  A yak (D:7)
  3 hogs (D:7)
  A hungry ghost (D:8)
  A steam dragon (D:8)
  A human (D:7)
  3 orc warriors
  3 ice beasts (D:6)
  2 phantoms (D:6)
  A black bear (D:10)
  5 ogres
  3 centaurs
  6 big kobolds
  Blork the orc (D:5)
  2 bullfrogs (D:9)
  A wyvern zombie (D:7)
  3 scorpions
  5 killer bees (D:10)
  5 howler monkeys
  2 crimson imps
  2 bullfrog zombies (D:6)
  A bullfrog skeleton (D:9)
  5 hounds
  An orc wizard (D:9)
  2 orc priests (D:10)
  3 iguanas
  3 worker ants
  A killer bee zombie (D:7)
  A hound skeleton (D:4)
  A mummy (Ossuary)
  A worker ant zombie (D:5)
  7 river rats (Sewer)
  12 adders
  A shadow imp (D:5)
  An ooze (D:1)
  2 adder skeletons
  2 worms
  4 dart slugs
  6 leopard geckos
  26 orcs
  6 bats
  4 giant cockroaches
  6 goblins
  5 hobgoblins
  11 jackals
  A quokka (D:3)
  6 ball pythons
  5 frilled lizards
  7 gnoll skeletons (Ossuary)
  A jackal skeleton (D:5)
  25 kobolds
  7 kobold skeletons (Ossuary)
  A leopard gecko skeleton (D:4)
  A leopard gecko zombie (D:5)
  11 orc skeletons (Ossuary)
  26 rats
261 creatures vanquished.

Notes
Turn   | Place    | Note
-------+----------+-------------------------------------------
     0 | D:1      | Ivernyr the Ogre Wizard began the quest for the Orb.
     0 | D:1      | Reached XP level 1. HP: 16/16 MP: 5/5
    34 | D:1      | Reached skill level 1 in Conjurations
   374 | D:1      | Reached skill level 1 in Fighting
   374 | D:1      | Reached XP level 2. HP: 22/27 MP: 0/6
   661 | D:1      | Learned a level 2 spell: Blink
  1211 | D:1      | Reached XP level 3. HP: 33/33 MP: 4/8
  1256 | D:1      | Learned a level 3 spell: Conjure Flame
  1260 | D:1      | Learned a level 3 spell: Mephitic Cloud
  1495 | D:2      | Reached skill level 2 in Conjurations
  2064 | D:2      | Found a shadowy altar of Dithmenos.
  2168 | D:3      | Found a glowing golden altar of the Shining One.
  2261 | D:3      | Reached XP level 4. HP: 42/42 MP: 3/10
  2492 | D:3      | Found an iron altar of Okawaru.
  2896 | D:3      | Found a hazy altar of Hepliaklqana.
  2900 | D:3      | Found a sacrificial altar of Ru.
  2906 | D:3      | Found a blossoming altar of Fedhas.
  3210 | D:4      | Reached skill level 3 in Conjurations
  3210 | D:4      | Reached XP level 5. HP: 50/50 MP: 6/11
  3256 | D:4      | Learned a level 2 spell: Call Imp
  3643 | D:4      | Found a glowing drain.
  3653 | Sewer    | Entered a sewer
  3936 | Sewer    | Noticed a big kobold
  3957 | Sewer    | Killed a big kobold
  3957 | Sewer    | Reached XP level 6. HP: 61/61 MP: 6/13
  4302 | Sewer    | Reached skill level 4 in Conjurations
  4508 | Sewer    | Reached skill level 5 in Spellcasting
  5101 | D:5      | Entered Level 5 of the Dungeon
  5210 | D:5      | Noticed Blork the orc
  5211 | D:5      | Reached XP level 7. HP: 70/70 MP: 9/14
  5224 | D:5      | Killed Blork the orc
  5330 | D:5      | Noticed Sigmund
  5500 | D:5      | Killed Sigmund
  5500 | D:5      | Reached skill level 5 in Fighting
  5500 | D:5      | Reached skill level 5 in Conjurations
  5663 | D:5      | Reached XP level 8. HP: 52/81 MP: 15/17
  6172 | D:5      | Reached skill level 6 in Conjurations
  6733 | D:6      | Found a staircase to the Ecumenical Temple.
  6747 | Temple   | Entered the Ecumenical Temple
  6830 | Temple   | Became a worshipper of Sif Muna the Loreminder
  7263 | D:6      | Reached skill level 7 in Conjurations
  7426 | D:6      | Found Piavveest's Jewellery Shop.
  7492 | D:6      | Reached XP level 9. HP: 75/93 MP: 17/19
  7791 | D:6      | Reached skill level 1 in Invocations
  8043 | D:7      | Reached * piety under Sif Muna
  8194 | D:7      | Found a stormy altar of Qazlal.
  8742 | D:7      | Reached skill level 8 in Conjurations
  9652 | D:8      | Found Omobec's Weapon Shop.
  9812 | D:8      | Found a sand-covered staircase.
  9823 | Ossuary  | Entered an ossuary
  9925 | Ossuary  | Reached XP level 10. HP: 73/106 MP: 5/22
 10347 | D:8      | Reached ** piety under Sif Muna
 10546 | D:8      | Reached skill level 9 in Conjurations
 11884 | D:10     | Entered Level 10 of the Dungeon
 11884 | D:10     | Noticed a two-headed ogre
 12159 | D:10     | Reached skill level 5 in Invocations
 12355 | D:10     | Killed a two-headed ogre
 12355 | D:10     | Reached *** piety under Sif Muna
 12355 | D:10     | Reached skill level 10 in Conjurations
 12513 | D:10     | Noticed Fannar
 12549 | D:10     | Killed from afar by Fannar

Skill      XL: |  1  2  3  4  5  6  7  8  9 10 |
---------------+-------------------------------+-----
Conjurations   | 1 2 3 4 5 7 8 10 | 10.0
Fighting       | 1 2 3 4 5 7 8 9 |  9.9
Spellcasting   | 4 5 6 7 8 9 |  9.2
Invocations    | 3 5 |  5.5
Dodging        | |  1.7
Stealth        | |  1.4
Summonings     | |  0.8
Translocations | |  0.8

Action                   |  1- 3 |  4- 6 |  7- 9 | 10-12 || total
-------------------------+-------+-------+-------+-------++-------
Melee: Unarmed           |    46 |       |       |       ||    46
       Club              |    40 |    13 |       |       ||    53
       Spear             |       |   102 |    22 |       ||   124
       Scythe            |       |       |   143 |   154 ||   297
Throw: Large rock        |       |     1 |     4 |     1 ||     6
 Cast: Magic Dart        |    93 |   178 |   208 |   111 ||   590
       Conjure Flame     |       |     7 |     8 |    13 ||    28
       Mephitic Cloud    |       |       |     8 |     6 ||    14
       Blink             |       |       |     1 |     2 ||     3
  Use: Scroll            |       |       |     4 |       ||     4
 Stab: Confused          |       |       |     1 |       ||     1
       Sleeping          |       |       |       |     1 ||     1
  Eat: Chunk             |     4 |     5 |    17 |     9 ||    35
       Ration            |       |     1 |       |     1 ||     2
Armor: Robe              |    43 |    26 |    50 |    41 ||   160
Dodge: Dodged            |   109 |    59 |   149 |   103 ||   420
